 Dungeon Crawl Stone Soup version 0.26-b1-59-ge38874ec40 (webtiles) character file.

Game seed: 15632235927310992314

8964 snetch the Spear-Bearer (level 11, -1/145 HPs)
             Began as a Minotaur Berserker on Jan 8, 2021.
             Was a High Priest of Trog.
             Slain by a slime creature (3 damage)
             ... on level 12 of the Dungeon.
             The game lasted 00:44:06 (12022 turns).

snetch the Spear-Bearer (Minotaur Berserker)       Turns: 12022, Time: 00:44:07

Health: -1/145     AC: 18    Str: 24    XL:     11   Next: 16%
Magic:  10/10      EV: 14    Int:  4    God:    Trog [*****.]
Gold:   950        SH:  0    Dex: 11    Spells: 10/10 levels left

rFire    . . .     SeeInvis .   a - +4 glaive
rCold    . . .     Faith    +   (shield currently unavailable)
rNeg     + . .     Spirit   .   H - +4 chain mail {Will+}
rPois    .         Reflect  .   (helmet restricted)
rElec    .         Harm     .   I - +0 cloak
rCorr    .         Rampage  .   (no gloves)
Will     +....                  p - +0 pair of boots
Stlth    ..........             B - amulet of faith
HPRegen  0.34/turn              M - +4 ring of evasion
MPRegen  0.12/turn              u - ring of positive energy

@: berserking, very quick
A: retaliatory headbutt, horns 2
a: Renounce Religion, Berserk, Trog's Hand, Brothers in Arms


You were on level 12 of the Dungeon.
You worshipped Trog.
Trog was extremely pleased with you.
You visited 2 branches of the dungeon, and saw 13 of its levels.
You also visited: Ossuary.

You collected 950 gold pieces.

Inventory:

Hand Weapons
 a - a +4 glaive (weapon)
 b - a +3 vorpal flail
 c - a +5 broad axe
 h - a +5 trident
 v - the +8 long sword of Jyess {speed, rPois}
   (You found it on level 7 of the Dungeon)

   Attacks with this weapon are significantly faster.
   It protects you from poison.
 x - a cursed +5 flail
 S - a +2 shortbow of flaming
Missiles
 d - 11 javelins
 e - 95 bolts
 f - 2 throwing nets
 g - 34 poisoned darts (quivered)
 j - 266 stones
 C - 270 arrows
 F - 9 boomerangs
 K - 74 sling bullets
Armour
 p - a +0 pair of boots (worn)
 H - a +4 chain mail of willpower (worn)
 I - a +0 cloak (worn)
 O - the +1 scale mail of Mel Turo {-Cast +Fly rPois rN+}
   (You found it on level 9 of the Dungeon)

   It protects you from poison.
   It protects you from negative energy.
   It lets you fly.
   It prevents spellcasting.
Jewellery
 u - a ring of positive energy (right hand)
 B - an amulet of faith (around neck)
 M - a +4 ring of evasion (left hand)
 Z - an uncursed ring of flight
Wands
 o - a wand of paralysis (8)
 y - a wand of random effects (24)
 z - a wand of digging (5)
 P - a wand of flame (32)
Scrolls
 i - a scroll of enchant weapon
 k - 2 scrolls of fog
 l - 2 scrolls of noise
 m - 8 scrolls of remove curse
 A - 3 scrolls of teleportation
 D - 5 scrolls of enchant armour {unknown}
 G - a scroll of fear {unknown}
 N - a scroll of blinking {unknown}
Potions
 n - 6 potions of curing {unknown}
 q - 4 potions of lignification
 r - a potion of haste
 s - 4 potions of flight
 t - 3 potions of mutation
 w - a potion of magic {unknown}
 E - a potion of heal wounds
 J - 2 potions of attraction


   Skills:
 + Level 9.5 Fighting
 + Level 5.8(10.8) Axes
 + Level 10.0(10.6) Maces & Flails
 + Level 10.3(10.9) Polearms
 + Level 2.2 Throwing
 + Level 9.4 Armour
 + Level 4.9 Dodging
 + Level 2.1 Stealth
 + Level 1.1 Evocations


You had 10 spell levels left.
You didn't know any spells.
Your spell library contained the following spells:

 Spells                   Type           Power        Failure   Level
 Corona                   Hex            0%           97%         1
 Ensorcelled Hibernation  Hex/Ice        0%           99%         2
 Confusing Touch          Hex            0%           100%        3
 Dazzling Flash           Conj/Hex       0%           100%        3
 Tukima's Dance           Hex            0%           100%        3


Dungeon Overview and Level Annotations

Branches:
Dungeon (12/15)            Temple (1/1) D:4            Lair (0/6) D:10
Ossuary (visited)
    Orc: D:9-12

Altars:
Ashenzari
Cheibriados
Dithmenos
Elyvilon
Fedhas
Gozag
Hepliaklqana
Kikubaaqudgha
Makhleb
Nemelex Xobeh
Okawaru
Qazlal
Ru
Sif Muna
Trog
Uskayaw
Vehumet
Wu Jian
Xom
Yredelemnul
Zin
The Shining One

Annotations:
D:3 demons behind stone
D:8 moth of wrath behind grate


Innate Abilities, Weirdness & Mutations

You reflexively headbutt those who attack you in melee.
You have a pair of horns on your head.


Message History

A slime creature comes into view.
The slime creature hits you but does no damage. x2
Unknown command.
A red film seems to cover your vision as you go berserk!
You feel yourself moving faster!
You feel mighty! The slime creature hits you.
* * * LOW HITPOINT WARNING * * *
The slime creature completely misses you.
You slash the slime creature!
The slime creature is moderately wounded.
The slime creature hits you!
* * * LOW HITPOINT WARNING * * *
The slime creature hits you!
* * * LOW HITPOINT WARNING * * *
The slime creature hits you but does no damage.
You slash the slime creature! You headbutt the slime creature.
The slime creature is heavily wounded.
The slime creature hits you.
* * * LOW HITPOINT WARNING * * *
The slime creature hits you.
You die...

#########
#.<.....####..
#.####.......#
#.####†.####.#
#.##....#
#.##.##.#
#.##.##.#
#....JJ.#
#....@J.#
#.##.##J#
#.##.# ...
#....# ....
#.#### ....
... .... .. .


You could see 4 slime creatures.

Vanquished Creatures
  Urug (D:10)
  The ghost of Gadfly the Grappler, a novice PaAr of the Shining One (D:6)
  Joseph (D:7)
  A slime creature (D:12)
  A hornet (D:10)
  A meliai zombie (D:10)
  Sigmund (D:2)
  2 wyverns
  Grum (D:10)
  Edmund (D:5)
  A water moccasin (D:10)
  A sky beast (D:9)
  4 orc warriors
  A black bear (D:9)
  4 ice beasts
  A necrophage (D:10)
  2 ogres
  5 centaurs
  2 phantoms (D:10)
  4 wolves (D:10)
  6 bullfrogs
  A water moccasin zombie (D:8)
  A wyvern skeleton (D:9)
  3 scorpions
  4 killer bees
  9 wights (D:11)
  A bullfrog zombie (D:10)
  3 centaur zombies
  A hound (D:12)
  A quasit (D:7)
  A gnoll shaman (D:9)
  8 orc priests
  A centaur skeleton (D:9)
  2 jellies
  7 orc wizards
  2 iguanas
  Ijyb (D:3)
  Natasha (thrice) (D:4)
  6 worker ants
  2 big kobold zombies (Ossuary)
  A hound zombie (D:5)
  A hound skeleton (D:7)
  2 mummies (Ossuary)
  A worker ant zombie (D:8)
  10 gnolls
  4 adders
  A river rat (D:4)
  5 white imps
  4 ufetubi
  An ooze (D:1)
  5 worms
  A dart slug (D:1)
  5 leopard geckos
  40 orcs
  2 ball pythons (D:2)
  5 giant cockroaches
  6 hobgoblins
  24 jackals
  7 kobolds
  8 quokkas
  5 bats
  6 frilled lizards
  2 gnoll zombies (Ossuary)
  9 goblins
  5 goblin zombies (Ossuary)
  3 hobgoblin zombies (Ossuary)
  An orc zombie (Ossuary)
  11 rats
274 creatures vanquished.

Vanquished Creatures (collateral kills)
  The ghost of snetch the Protected, a journeyman MiBe of Trog (D:10)
  Fannar (D:10)
  An ogre mage (D:10)
  Maggie (D:10)
  An iguana (D:10)
  A worker ant (D:10)
  A howler monkey skeleton (D:10)
  An orc (D:10)
8 creatures vanquished.

Vanquished Creatures (others)
  12 plants (D:4)
12 creatures vanquished.

Grand Total: 294 creatures vanquished

Notes
Turn   | Place    | Note
-------+----------+-------------------------------------------
     0 | D:1      | snetch the Minotaur Berserker began the quest for the Orb.
     0 | D:1      | Reached XP level 1. HP: 19/19 MP: 0/0
   111 | D:1      | HP: 1/20 [ooze (1)]
   434 | D:1      | Reached XP level 2. HP: 25/27 MP: 1/1
   839 | D:1      | Reached XP level 3. HP: 28/33 MP: 2/2
  1593 | D:2      | Noticed Sigmund
  1621 | D:3      | Reached ** piety under Trog
  1840 | D:2      | Killed Sigmund
  1841 | D:2      | Reached skill level 5 in Axes
  1841 | D:2      | Reached XP level 4. HP: 41/41 MP: 3/3
  1841 | D:2      | Reached XP level 5. HP: 47/47 MP: 4/4
  2154 | D:3      | Found a glowing golden altar of the Shining One.
  2156 | D:3      | Found an ancient bone altar of Kikubaaqudgha.
  2350 | D:3      | Found a burning altar of Makhleb.
  2350 | D:3      | Noticed a green death
  2353 | D:3      | Noticed a hellwing
  2353 | D:3      | Noticed a neqoxec
  2444 | D:3      | Reached skill level 5 in Fighting
  2614 | D:3      | Found an opulent altar of Gozag.
  2615 | D:3      | Noticed Ijyb
  2621 | D:3      | Killed Ijyb
  2622 | D:3      | Reached skill level 1 in Polearms
  2622 | D:3      | Reached XP level 6. HP: 54/56 MP: 5/5
  2693 | D:3      | Found a stormy altar of Qazlal.
  2878 | D:4      | Reached skill level 1 in Stealth
  2993 | D:4      | Found a staircase to the Ecumenical Temple.
  3091 | D:4      | Found a sand-covered staircase.
  3095 | Ossuary  | Entered an ossuary
  3129 | Ossuary  | Reached skill level 1 in Maces & Flails
  3358 | D:4      | You fall into a shaft and drop 1 floor!
  3358 | D:5      | Entered Level 5 of the Dungeon
  3420 | D:5      | Noticed Edmund
  3434 | D:5      | Killed Edmund
  3435 | D:5      | Reached XP level 7. HP: 61/61 MP: 6/6
  3477 | D:5      | Found a hide-covered altar of Uskayaw.
  3593 | D:4      | Noticed Natasha
  3599 | D:4      | Killed Natasha
  3599 | D:4      | Reached *** piety under Trog
  3792 | D:4      | Noticed Natasha
  3802 | D:4      | Killed Natasha
  3958 | D:4      | Noticed Natasha
  3964 | D:4      | Killed Natasha
  4466 | Temple   | Entered the Ecumenical Temple
  4749 | D:5      | Found a broken altar of Ashenzari.
  5138 | D:6      | Reached skill level 5 in Armour
  5139 | D:6      | Found an ornate altar of the Wu Jian Council.
  5337 | D:7      | Reached skill level 5 in Maces & Flails
  5341 | D:6      | Reached XP level 8. HP: 70/70 MP: 7/7
  5762 | D:6      | Found a runed translucent door.
  5762 | D:6      | Noticed Gadfly's ghost (novice PaAr)
  5777 | D:6      | Killed Gadfly's ghost
  5778 | D:6      | Reached XP level 9. HP: 37/79 MP: 3/8
  6190 | D:6      | Found a sparkling altar of Nemelex Xobeh.
  6190 | D:6      | Found a radiant altar of Vehumet.
  6191 | D:6      | Found a snail-covered altar of Cheibriados.
  6642 | D:7      | Noticed Joseph
  6664 | D:7      | Killed Joseph
  6664 | D:7      | Reached **** piety under Trog
  6665 | D:7      | Reached skill level 1 in Throwing
  7025 | D:8      | Reached skill level 10 in Maces & Flails
  7180 | D:7      | Found a blossoming altar of Fedhas.
  7347 | D:7      | Got a slimy long sword
  7880 | D:8      | Reached XP level 10. HP: 88/88 MP: 9/9
  8067 | D:8      | Noticed a moth of wrath
  8070 | D:8      | Found a bloodstained altar of Trog.
  8304 | D:9      | Got an agate-encrusted scale mail
  8314 | D:9      | Identified the +1 scale mail of Mel Turo {-Cast +Fly rPois
                  | rN+} (You found it on level 9 of the Dungeon)
  8314 | D:9      | Identified the +8 long sword of Jyess {speed, rPois} (You
                  | found it on level 7 of the Dungeon)
  8840 | D:9      | Reached skill level 5 in Polearms
  8923 | D:9      | Found a glowing silver altar of Zin.
  9067 | D:10     | Entered Level 10 of the Dungeon
  9068 | D:10     | Noticed Grum
  9075 | D:10     | Reached ***** piety under Trog
  9082 | D:10     | Killed Grum
  9341 | D:10     | Noticed Urug
  9341 | D:10     | Noticed Maggie
  9351 | D:10     | Killed Urug
  9352 | D:10     | Reached skill level 1 in Evocations
  9361 | D:10     | Killed Maggie
  9935 | D:10     | Found a staircase to the Lair.
 10368 | D:10     | Found a runed translucent door.
 10386 | D:10     | Noticed snetch's ghost (journeyman MiBe)
 10386 | D:10     | Noticed an ogre mage
 10399 | D:10     | Killed an ogre mage
 10407 | D:10     | Killed snetch's ghost
 10479 | D:10     | Lost intelligence.
 10504 | D:10     | Noticed Fannar
 10511 | D:10     | Killed Fannar
 10512 | D:10     | Reached XP level 11. HP: 15/97 MP: 10/10
 11415 | D:11     | Reached skill level 10 in Polearms
 12021 | D:12     | HP: 4/145 [slime creature (14)]
 12022 | D:12     | Slain by a slime creature

Illustrated notes

Levels and vault maps discovered:
D:1:      kilobyte_arrival_exit_the_forest, layout_loops_ring
D:2:      layout_rooms, lemuel_another_geyser, uniq_sigmund
D:3:      layout_loops_ring, nicolae_gozag_cash_rules_everything_around_me,
          makhleb_altar_promises_db, nicolae_overflow_hidden_temple, uniq_ijyb
D:4:      wad_woods_tower, layout_loops_ring,
          minmay_temple_entry_gardened_gates, enter_ossuary_5,
          portal_sewer_entry_b, uniq_natasha
D:5:      layout_cave_pools, general_overflow_altar, marbit_many_paths,
          uniq_edmund
D:6:      layout_gridville, gammafunk_temple_overflow_claw, lemuel_doored_altar,
          ebering_ghost_reflecting_pool
D:7:      layout_rooms, fedhas_altar_fruit_tree, uniq_joseph
D:8:      layout_rooms, tgw_trog, minmay_misc_feat_enclosed
D:9:      layout_loops_ring, lemuel_coloured_pillars_altar
D:10:     layout_big_octagon, lair_entry_dummy, ebering_ghost_inner_flame,
          uniq_maggie, uniq_urug, uniq_fannar, uniq_grum
D:11:     layout_grid_maze, orc_0_dummy, bh_hangedman_babel_library
D:12:     layout_loops_cross
Temple:   nicolae_temple_figure_zero

Skill      XL: |  1  2  3  4  5  6  7  8  9 10 11 |
---------------+----------------------------------+-----
Fighting       | 4 5 6 7 8 9 |  9.5
Axes           | 4 5 |  5.8
Armour         | 3 4 5 7 8 9 |  9.4
Dodging        | 3 4 |  4.9
Polearms       | 1 2 4 9 10 | 10.3
Stealth        | 1 2 |  2.1
Maces & Flails | 2 5 8 10 | 10.0
Throwing       | 2 |  2.2
Evocations     | 1 |  1.1

Action                   |  1- 3 |  4- 6 |  7- 9 | 10-12 || total
-------------------------+-------+-------+-------+-------++-------
Melee: Hand axe          |    63 |       |       |       ||    63
       Headbutt          |    10 |    18 |    48 |    29 ||   105
       Scythe            |       |    73 |       |       ||    73
       Flail             |       |    43 |   159 |       ||   202
       Glaive            |       |       |    68 |   201 ||   269
Throw: Dart              |       |       |    21 |     3 ||    24
Invok: Berserk           |     2 |     1 |     2 |     2 ||     7
       Trog's Hand       |     1 |     2 |       |     1 ||     4
       Brothers in Arms  |       |       |       |     3 ||     3
 Abil: Evoke Flight      |       |       |       |     3 ||     3
  Use: Scroll            |       |     8 |     5 |     3 ||    16
Armor: Animal skin       |     3 |       |       |       ||     3
       Leather armour    |    11 |       |       |       ||    11
       Ring mail         |     4 |    40 |    10 |       ||    54
       Scale mail        |     4 |       |       |    37 ||    41
       Chain mail        |       |       |   113 |    44 ||   157
Dodge: Dodged            |    59 |   109 |   185 |   208 ||   561
